 Dungeon Crawl Stone Soup version 0.29.1 (webtiles) character file.

Game seed: 14173239954840848591

16 raincastle the Trooper (level 2, 0/24 HPs)
             Began as a Demonspawn Abyssal Knight on Sept 14, 2022.
             Was a Believer of Lugonu.
             Slain by a hobgoblin (1 damage)
             ... on level 1 of the Dungeon.
             The game lasted 00:03:06 (528 turns).

raincastle the Trooper (Demonspawn Abyssal Knight)   Turns: 528, Time: 00:03:07

Health: 0/24       AC:  3    Str: 13    XL:     2   Next: 41%
Magic:  3/3        EV: 11    Int: 11    God:    Lugonu [**....]
Gold:   68         SH:  0    Dex: 13    Spells: 1/1 levels left

rFire   . . .      SeeInvis .   a - +1 hand axe
rCold   . . .      Faith    .   (no shield)
rNeg    . . .      Spirit   .   b - +0 leather armour
rPois   .          Reflect  .   (no helmet)
rElec   .          Harm     .   (no cloak)
rCorr   .          Rampage  .   (no gloves)
Will    .....                   (no boots)
Stlth   +.........              (no amulet)
HPRegen 0.08/turn               (no ring)
MPRegen 0.08/turn               (no ring)

@: lethally poisoned (0 -> -1)
A: spiny 1
a: Renounce Religion, Depart the Abyss, Bend Space


You were on level 1 of the Dungeon.
You worshipped Lugonu.
Lugonu was pleased with you.
You visited 1 branch of the dungeon, and saw 1 of its levels.
You visited the Abyss 1 time.

You collected 68 gold pieces.

Inventory:

Hand Weapons
 a - a +1 hand axe (weapon)
Armour
 b - a +0 leather armour (worn)
Scrolls
 c - 2 scrolls of immolation {unknown}
 f - 2 scrolls of identify {unknown}
 i - a scroll of amnesia {unknown}
Potions
 d - a potion of attraction {unknown}
 e - 4 potions of heal wounds {unknown}
 g - 2 potions of lignification {unknown}
 h - a potion of flight {unknown}


   Skills:
 + Level 3.5 Fighting
 + Level 2.0 Axes
 + Level 1.8 Armour
 + Level 0.8 Dodging
 + Level 2.5 Invocations


You had one spell level left.
You didn't know any spells.
Your spell library contained the following spells:

 Spells                   Type           Power      Damage    Failure   Level
 Sandblast                Erth           0%         2d4       41%         1
 Passwall                 Tmut/Erth      0%         N/A       56%         2
 Stone Arrow              Conj/Erth      0%         3d7       80%         3


Dungeon Overview and Level Annotations

Branches:
Dungeon (1/15)

Altars:


Innate Abilities, Weirdness & Mutations

You are partially covered in sharp spines.


Message History

Found a stone staircase leading down.
i - a scroll labelled QIOMMUNYISK A goblin comes into view.
It is wielding a +2 dagger of venom.
The goblin shouts!
A quokka comes into view.
You closely miss the goblin. The goblin is struck by your spines.
The goblin hits you with a +2 dagger of venom.
You are poisoned.
You closely miss the goblin.
The goblin is severely wounded.
You feel very sick. The goblin closely misses you.
You hit the goblin.
You kill the goblin!
Lugonu accepts your kill.
You feel very sick.
A hobgoblin comes into view.
Found a There-And-Back Book.
You feel sick. The quokka misses you. The quokka is struck by your spines.
The quokka bites you.
* * * LOW HITPOINT WARNING * * *
Things that are here:
a +2 dagger of venom; a +0 chain mail The hobgoblin shouts!
You hit the quokka.
You kill the quokka!
Lugonu accepts your kill.
* * * LOW HITPOINT WARNING * * *
You feel sick.
* * * LOW HITPOINT WARNING * * *
You feel sick.
* * * LOW HITPOINT WARNING * * *
You feel sick.
You see here a +0 ring mail.
* * * LOW HITPOINT WARNING * * *
You feel sick.
You hit the hobgoblin.
The hobgoblin is severely wounded.
* * * LOW HITPOINT WARNING * * *
You feel sick. The hobgoblin hits you.
You die...

#.....§.§.≈.≈.......≈.≈.
#....§§§.......≈.≈......
#.......§≈...≈.....≈...≈
#.....§§...§....≈....§..
#........≈...≈.....≈..(≈
#....≈)≈.§§§...≈.≈......
#.....†..§≈.≈.......≈.≈.
#...≈..[≈§§§..≈...≈.....
#.....≈@...≈....≈....≈..
#.....g.≈.....≈...≈.....
#.........≈.≈...#...≈...
#.............. ###.....
#........:.#... ####..
#............## ###
#..........###
#..........#


You could see a hobgoblin.

Vanquished Creatures
  2 endoplasms (D:1)
  2 goblins (D:1)
  A hobgoblin (D:1)
  2 kobolds (D:1)
  A quokka (D:1)
  A ball python (D:1)
  3 bats (D:1)
  3 rats (D:1)
15 creatures vanquished.

Notes
Turn   | Place    | Note
-------+----------+-------------------------------------------
     0 | Abyss:1  | raincastle the Demonspawn Abyssal Knight began the quest
                  | for the Orb.
     0 | Abyss:1  | Reached XP level 1. HP: 18/18 MP: 2/2
     1 | D:1      | Escaped the Abyss
   313 | D:1      | Gained mutation: You are partially covered in sharp spines.
                  | [demonic ancestry]
   313 | D:1      | Reached XP level 2. HP: 21/24 MP: 3/3
   528 | D:1      | HP: 1/24 [poisoned by a goblin]
   528 | D:1      | Slain by a hobgoblin

Illustrated notes

Levels and vault maps discovered:
D:1:      dpeg_arrival_stone_temple_mockup, layout_basic,
          nicolae_kite_square_tiling_tiny, item_on_display_a

Skill      XL: |  1  2 |
---------------+-------+-----
Axes           | 2 |  2.0
Fighting       | |  3.5
Armour         | |  1.8
Dodging        | |  0.8
Invocations    | |  2.5

Action                   || total
-------------------------++-------
Melee: Hand axe          ||    35
Armor: Leather armour    ||     7
Dodge: Dodged            ||    16
